 Dungeon Crawl Stone Soup version 0.27-a0-1144-g0b7d3b79db (webtiles) character file.

Game seed: 2891197349790816559

44 Snikeer the Chopper (level 3, -10/33 HPs)
             Began as a Hill Orc Berserker on May 10, 2021.
             Was a Believer of Trog.
             Mangled by Sigmund
             ... wielding a +0 scythe
              (11 damage)
             ... on level 2 of the Dungeon.
             The game lasted 00:02:00 (1993 turns).

Snikeer the Chopper (Hill Orc Berserker)            Turns: 1993, Time: 00:02:01

Health: -10/33     AC:  4    Str: 20    XL:     3   Next: 62%
Magic:  3/3        EV: 11    Int:  7    God:    Trog [**....]
Gold:   74         SH:  0    Dex: 10    Spells: 2/2 levels left

rFire    . . .     SeeInvis .   a - +0 hand axe
rCold    . . .     Faith    .   (no shield)
rNeg     . . .     Spirit   .   l - +0 leather armour
rPois    .         Reflect  .   (no helmet)
rElec    .         Harm     .   k - +0 cloak
rCorr    .         Rampage  .   (no gloves)
Will     .....                  (no boots)
Stlth    ..........             (no amulet)
HPRegen  0.11/turn              (no ring)
MPRegen  0.08/turn              (no ring)

@: confused, on berserk cooldown, slowed, very slow
A: no striking features
a: Renounce Religion, Berserk, Trog's Hand


You were on level 2 of the Dungeon.
You worshipped Trog.
Trog was pleased with you.
You visited 1 branch of the dungeon, and saw 2 of its levels.

You collected 74 gold pieces.

Inventory:

Hand Weapons
 a - a +0 hand axe (weapon)
Missiles
 g - 4 boomerangs
 j - 27 arrows
 s - 9 stones (quivered)
Armour
 k - a +0 cloak (worn)
   (You found it on level 2 of the Dungeon)
 l - a +0 leather armour (worn)
   (You found it on level 1 of the Dungeon)
Jewellery
 h - an amulet of magic regeneration
   (You found it on level 1 of the Dungeon)
Scrolls
 b - a scroll of identify {unknown}
 c - a scroll of fog {unknown}
 d - a scroll of torment {unknown}
 e - a scroll of amnesia {unknown}
 f - 3 scrolls of vulnerability {unknown}
Potions
 i - a potion of attraction {unknown}


   Skills:
 + Level 4.1 Fighting
 + Level 4.6 Axes
 + Level 2.7 Armour
 + Level 2.1 Dodging


You had 2 spell levels left.
You didn't know any spells.
Your spell library was empty.

Dungeon Overview and Level Annotations

Branches:
Dungeon (2/15)

Altars:

Annotations:
D:2 Sigmund


Message History

You barely miss the frilled lizard. The frilled lizard closely misses you.
You closely miss the frilled lizard.
The frilled lizard bites you but does no damage.
You completely miss the frilled lizard. The frilled lizard bites you.
You take 2 damage, and have 27/32 hp.
You barely miss the frilled lizard. The frilled lizard closely misses you.
You hit the frilled lizard. Trog accepts your kill.
Your life force feels restored.
No target in view!
No target in view!
You see here a frilled lizard corpse.
A goblin comes into view. It is wielding a +0 club.
Health restored: 33 A goblin is nearby!
A goblin is nearby!
You hit the goblin. The goblin hits you but does no damage.
You hit the goblin. Trog accepts your kill.
No target in view!
No target in view!
b - a scroll labelled IVI ECARES The jackal barks!
A jackal is nearby!
A jackal is nearby!
The endoplasm quivers.
You hit the jackal. The jackal barely misses you.
The jackal bites you but does no damage.
You barely miss the jackal. The jackal bites you.
You take 1 damage, and have 32/33 hp.
You hit the jackal. Trog accepts your kill.
The jackal barks!
You hit the endoplasm. The endoplasm hits you.
You hit the endoplasm. Trog accepts your kill.
You closely miss the jackal. The jackal bites you.
You take 2 damage, and have 30/33 hp.
You closely miss the jackal. The jackal misses you.
The jackal barely misses you.
You hit the jackal.
The jackal bites you but does no damage.
You completely miss the jackal. The jackal closely misses you. x2
You hit the jackal. Trog accepts your kill.
No target in view!
No target in view!
You see here a jackal corpse.
A goblin comes into view. It is wielding a +2 dagger of venom.
The goblin throws a stone.
The stone hits you but does no damage.
Health restored: 33 A goblin is nearby!
A goblin is nearby!
The goblin closely misses you.
You barely miss the goblin. The goblin closely misses you.
You hit the goblin.
The goblin hits you with a +2 dagger of venom.
You take 2 damage, and have 31/33 hp.
You slash the goblin! Trog accepts your kill.
Sigmund shouts!
Sigmund drinks a potion.
Sigmund seems to speed up.
Things that are here:
a +2 dagger of venom; 28 stones You barely miss Sigmund.
Sigmund hits you with a +0 scythe.
You hit Sigmund but do no damage. Sigmund gestures at you while chanting.
You resist with significant effort. Sigmund hits you but does no damage.
A red film seems to cover your vision as you go berserk!
You feel yourself moving faster!
You feel mighty! Sigmund hits you with a +0 scythe!
You now have 36/49 hp.
You slash Sigmund! Sigmund casts a spell at you. The magic dart hits you.
You take 3 damage, and have 33/49 hp.
You slash Sigmund! Sigmund casts a spell at you. The magic dart hits you.
Sigmund barely misses you.
You take 6 damage, and have 27/49 hp.
You barely miss Sigmund. Sigmund gestures at you while chanting.
You are confused.
Sigmund hits you from afar with a +0 scythe.
You take 6 damage, and have 21/49 hp.
You bump into the rock wall.
You feel a strong urge to attack something.
You bump into the rock wall.
Sigmund gestures at you while chanting. The magic dart hits you!
* * * LOW HITPOINT WARNING * * *
You take 7 damage, and have 14/49 hp.
You feel your anger nearly subside.
You are no longer berserk.
You are exhausted.
You feel yourself slow down. Sigmund closely misses you.
You now have 9/33 hp.
You bump into the rock wall.
Sigmund hits you with a +0 scythe!
* * * LOW HITPOINT WARNING * * *
Sigmund hits you but does no damage. Sigmund hits you with a +0 scythe!
You die...

............#
.h...@.....+
#.........#
######h......#
#......<....#
...........##
#.#####.#'##
###.#.###########
......@@.......#
##.#.##)##.###.#
##.##....#.# #
...........#
.###.†.#.#
##.##... #.######
#.# #.#


You could see Sigmund (fast).

Vanquished Creatures
  2 ball pythons (D:1)
  4 endoplasms
  2 giant cockroaches
  6 goblins
  5 hobgoblins (D:1)
  4 jackals (D:2)
  A quokka (D:1)
  6 bats
  5 frilled lizards
  A kobold (D:1)
  3 rats (D:1)
39 creatures vanquished.

Notes
Turn   | Place    | Note
-------+----------+-------------------------------------------
     0 | D:1      | Snikeer the Hill Orc Berserker began the quest for the Orb.
     0 | D:1      | Reached XP level 1. HP: 19/19 MP: 1/1
    33 | D:1      | HP: 4/20 [endoplasm (2)]
    60 | D:1      | HP: 5/20 [bat (1)]
    64 | D:1      | Reached XP level 2. HP: 7/27 MP: 2/2
   590 | D:1      | Found a faded altar of an unknown god.
   598 | D:1      | Reached skill level 4 in Fighting
   602 | D:1      | Reached ** piety under Trog
   603 | D:1      | Reached skill level 2 in Dodging
   843 | D:1      | Reached XP level 3. HP: 30/30 MP: 3/3
  1621 | D:2      | Noticed Sigmund
  1993 | D:2      | HP: 1/33 [Sigmund/+0 scythe (8)]
  1993 | D:2      | Mangled by Sigmund

Illustrated notes

Levels and vault maps discovered:
D:1:      minmay_arrival_doors, layout_basic,
          hellmonk_ecumenical_altar_arch_garden, chequers_mini_garden,
          minmay_pentomino_w4
D:2:      layout_loops_corners, patterned_corridor, uniq_sigmund, uniq_jessica

Skill      XL: |  1  2 |
---------------+-------+-----
Fighting       | 4 |  4.1
Dodging        | 2 |  2.1
Axes           | |  4.6
Armour         | |  2.7

Action                   || total
-------------------------++-------
Melee: Hand axe          ||   122
Invok: Berserk           ||     1
Armor: Animal skin       ||    18
       Leather armour    ||    19
Dodge: Dodged            ||    81

Table legend: (Time is in decaauts)
 A = Elapsed time spent in this place.
 B = Non-inter-level travel time spent in this place.
 C = Inter-level travel time spent in this place.
 D = Time resting spent in this place.
 E = Time spent auto-exploring this place.
 F = Levels seen in this place.
 G = Mean time per level.
                   A        B        C        D        E       F      G
               +--------+--------+--------+--------+--------+-----+--------+
         Total |   2002 |   1890 |    112 |      0 |   1602 |   2 | 1001.0 |
       Dungeon |   2002 |   1890 |    112 |      0 |   1602 |   2 | 1001.0 |
               +--------+--------+--------+--------+--------+-----+--------+

Top non-repeatable levels by time:
     D:1: 1654 daAuts
     D:2: 348 daAuts

Table legend:
 A = Kills in this place as a percentage of kills in entire the game.
 B = Kills by you in this place as a percentage of kills by you in the entire game.
 C = Kills by friends in this place as a percentage of kills by friends in the entire game.
 D = Other kills in this place as a percentage of other kills in the entire game.
 E = Experience gained in this place as a percentage of experience gained in the entire game.
 F = Experience gained in this place divided by the number of levels of this place that you have seen.
                   A       B       C       D       E      F
               +-------+-------+-------+-------+-------+----------------------
         Total | 100.0 | 100.0 |   N/A |   N/A | 100.0 |  32.0
       Dungeon | 100.0 | 100.0 |   N/A |   N/A | 100.0 |  32.0
               +-------+-------+-------+-------+-------+----------------------
